 Dungeon Crawl Stone Soup version 0.32-a0-900-g30fb1b0edc (webtiles) character file.

Game seed: 16999005932852824112

158 Foxy the Sneak (level 5, -4/41 HPs)
             Began as a Coglin Brigand on Apr 6, 2024.
             Was an Initiate of Gozag.
             Killed from afar by an orc wizard (11 damage)
             ... with a puff of flame
             ... in the Ecumenical Temple.
             The game lasted 00:05:33 (2693 turns).

Foxy the Sneak (Coglin Brigand)                     Turns: 2693, Time: 00:05:36

Health: -4/41      AC:  3    Str: 12    XL:     5   Next: 40%
Magic:  5/5        EV: 11    Int: 10    God:    Gozag
Gold:   60         SH:  0    Dex: 17    Spells: 4/4 levels left

rFire   . . .        a - +2 dagger {Decima}
rCold   . . .        q - +1 falchion (venom) {Illuratum}
rNeg    . . .        b - +0 robe
rPois   .            (no helmet)
rElec   .            c - +0 cloak
rCorr   .            (no gloves)
SInv    .            (no boots)
Will    .....        (amulet unavailable)
Stlth   +            (ring unavailable)
HPRegen 0.26/turn    (ring unavailable)
MPRegen 0.09/turn    (no gizmo)

%: no passive effects
@: confused, mighty, revved
A: off-hand wielding, slow wielding, warmup strikes, no jewellery
a: Invent Gizmo, Renounce Religion, Potion Petition, Call Merchant, Bribe Branch


You were in the Ecumenical Temple.
You worshipped Gozag.
Gozag was noncommittal.
You visited 2 branches of the dungeon, and saw 5 of its levels.

You collected 111 gold pieces.
You paid 51 gold pieces to Gozag.

Inventory:

Hand Weapons
 a - a +2 dagger (weapon) {Decima}
 f - a +0 dagger {Enrique}
 q - a +1 falchion of venom (offhand) {Illuratum}
Missiles
 d - 14 poisoned darts (quivered)
 e - 3 curare-tipped darts
 n - 2 throwing nets
Armour
 b - a +0 robe (worn)
 c - a +0 cloak (worn)
 j - an orb of light
Scrolls
 g - 2 scrolls of vulnerability {unknown}
 h - a scroll of fear {unknown}
 i - 2 scrolls of teleportation {unknown}
 m - a scroll of immolation {unknown}
 o - a scroll of silence {unknown}
 p - a scroll of noise {unknown}
 r - a scroll of revelation {unknown}
 s - a scroll of brand weapon {unknown}
Potions
 l - a potion of invisibility {unknown}


   Skills:
 + Level 3.0 Fighting
 * Level 3.4(3.5) Short Blades
 + Level 1.0(2.6) Long Blades
 - Level 1.7 Throwing
 + Level 2.1 Dodging
 - Level 3.4 Stealth


You had 4 spell levels left.
You didn't know any spells.
Your spell library contained the following spells:

 Spells                   Type           Power      Damage    Failure   Level
 Lesser Beckoning         Tloc           0%         N/A       50%         2
 Maxwell's Portable Pile  Tloc           0%         2d(5-13)  75%         3
 Teleport Other           Tloc           0%         N/A       75%         3


Dungeon Overview and Level Annotations

Branches:
Dungeon (4/15)             Temple (1/1) D:4

Altars:
Ashenzari
Cheibriados
Dithmenos
Elyvilon
Fedhas
Gozag
Hepliaklqana
Makhleb
Nemelex Xobeh
Okawaru
Ru
Sif Muna
Trog
Uskayaw
Vehumet
Wu Jian
Xom
The Shining One


Innate Abilities, Weirdness & Mutations

You can wield a second weapon in your off-hand.
It takes a long time for you to wield or remove held weapons.
Your first few attacks do less damage.
You cannot equip rings or amulets.


Message History

The orc wizard is lightly wounded.
You completely miss the orc wizard with your +1 falchion of venom.
The orc wizard points at you and mumbles some strange words.
You are confused.
The orc wizard closely misses you.
There are monsters nearby!
Unknown command.
You're too confused to move!
The orc wizard hits you with a +0 dagger.
The orc wizard hits you but does no damage.
Unknown command.
You hit the orc wizard with your +2 dagger.
The orc wizard is moderately wounded.
You miss the orc wizard with your +1 falchion of venom.
The orc wizard hits you but does no damage.
The orc wizard hits you with a +0 dagger.
Unknown command.
You hit the orc wizard with your +2 dagger.
The orc wizard is heavily wounded.
You hit the orc wizard with your +1 falchion of venom.
The orc wizard casts a spell.
The orc wizard flickers and vanishes!
Deactivating autopickup; reactivate with Ctrl-A.
The orc wizard hits you with a +0 dagger.
* * * LOW HITPOINT WARNING * * *
You hit the orc wizard with your +2 dagger.
The orc wizard is heavily wounded.
You miss the orc wizard with your +1 falchion of venom.
Something hits you.
* * * LOW HITPOINT WARNING * * *
The orc wizard gestures at you while chanting.
You are more confused.
It was a potion of might.
You feel very mighty all of a sudden.
You hear some strange, mumbled words.
Something tries to affect you, but you resist.
The orc wizard gestures at you while chanting.
The puff of flame hits you!
You die...
Your body crumbles into a pile of gold.

##.._...##.._...##.._...##.._
#......#........#......#....
#......#........#......#....
####...#........'###...#....
####+####.......####+####
##...###'........#...#
#......#........#....
#......#........#....
##.{@o.##..._..##..._
#......#......#.....
#......#......#.....
####...#...###+.....
####+####.......#
##........+### #........##
#........# ##......##


You could see an orc wizard.

Vanquished Creatures
  An orc priest (D:4)
  4 gnolls (D:3)
  2 adders (D:3)
  A dart slug (D:1)
  3 ribbon worms
  2 orcs
  8 bats
  5 endoplasms
  4 giant cockroaches
  3 goblins
  5 hobgoblins
  2 quokkas (D:1)
  6 ball pythons
  A frilled lizard (D:3)
  7 kobolds
  6 rats
60 creatures vanquished.

Notes
Turn   | Place    | Note
-------+----------+-------------------------------------------
     0 | D:1      | Foxy the Coglin Brigand began the quest for the Orb.
     0 | D:1      | Reached XP level 1. HP: 16/16 MP: 1/1
    60 | D:1      | Reached skill level 1 in Dodging
   155 | D:1      | Reached XP level 2. HP: 16/22 MP: 2/2
   672 | D:1      | Reached XP level 3. HP: 27/27 MP: 3/3
  1691 | D:3      | Reached XP level 4. HP: 27/34 MP: 4/4
  2462 | D:3      | Reached XP level 5. HP: 33/40 MP: 5/5
  2596 | D:4      | Found a staircase to the Ecumenical Temple.
  2610 | D:4      | Reached skill level 1 in Long Blades
  2620 | Temple   | Entered the Ecumenical Temple
  2656 | Temple   | Became a worshipper of Gozag Ym Sagoz the Greedy
  2693 | Temple   | Killed from afar by an orc wizard

Illustrated notes

Levels and vault maps discovered:
D:1:      minmay_arrival_five_plusses, layout_basic
D:2:      layout_loops_ring
D:3:      layout_basic
D:4:      layout_loops_ring, lemuel_round_altar,
          minmay_temple_entry_stoned_glass, st_stairs_7
Temple:   mainiacjoe_temple_bowtie_tessellation

Skill      XL: |  1  2  3  4  5 |
---------------+----------------+-----
Dodging        | 1 2 |  2.1
Short Blades   | 2 3 |  3.4
Fighting       | 3 |  3.0
Long Blades    | 1 |  1.0
Throwing       | |  1.7
Stealth        | |  3.4

Action                     |  1- 3 |  4- 6 || total
---------------------------+-------+-------++-------
  Melee: Dagger            |   122 |    45 ||   167
         Falchion          |       |    35 ||    35
  Throw: Dart              |       |     2 ||     2
    Use: Potion            |       |     1 ||     1
   Stab: Sleeping          |     6 |     4 ||    10
 Armour: Robe              |    48 |    32 ||    80
  Dodge: Dodged            |    51 |    22 ||    73

Table legend: (Time is in decaauts)
 A = Elapsed time spent in this place.
 B = Non-inter-level travel time spent in this place.
 C = Inter-level travel time spent in this place.
 D = Time resting spent in this place.
 E = Time spent auto-exploring this place.
 F = Levels seen in this place.
 G = Mean time per level.
                   A        B        C        D        E       F      G
               +--------+--------+--------+--------+--------+-----+--------+
         Total |   2677 |   2549 |    128 |     93 |   1974 |   5 |  535.4 |
       Dungeon |   2607 |   2532 |     75 |     89 |   1974 |   4 |  651.8 |
        Temple |     70 |     17 |     53 |      4 |      0 |   1 |   70.0 |
               +--------+--------+--------+--------+--------+-----+--------+

Top non-repeatable levels by time:
     D:3: 1081 daAuts
     D:1: 786 daAuts
     D:2: 711 daAuts
  Temple: 70 daAuts
     D:4: 27 daAuts
